 Dungeon Crawl Stone Soup version 0.15.1-3-g1b33baa (console) character file.

5 stickyfingers the Slasher (level 1, -2/16 HPs)
             Began as a High Elf Abyssal Knight on Oct 2, 2014.
             Was a Follower of Lugonu.
             Slain by a kobold
             ... wielding a +1 short sword of electrocution
              (12 damage)
             ... on Level 1 of the Dungeon.
             The game lasted 00:02:11 (160 turns).

stickyfingers the Slasher (High Elf Abyssal Knight)  Turns: 160, Time: 00:02:11

HP  -2/16        AC  3     Str 11      XL: 1   Next: 66%
MP   2/2         EV 11     Int 15      God: Lugonu [*.....]
Gold 0           SH  0     Dex 14      Spells:  0 memorised,  0 levels left

rFire  . . .     SeeInvis .     a - +1 falchion
rCold  . . .     Clarity  .     b - +0 leather armour
rNeg   . . .     rCorr    .     (no shield)
rPois  .         rRot     .     (no helmet)
rElec  .         Spirit   .     (no cloak)
SustAb .         Warding  .     (no gloves)
rMut   .         Stasis   .     (no boots)
Gourm  .                        (no amulet)
MR     .....                    (no ring)
                                (no ring)

@: not resistant to hostile enchantments, very unstealthy
A: no striking features
a: Depart the Abyss, Renounce Religion


You were on level 1 of the Dungeon.
You worshipped Lugonu.
Lugonu was aware of your devotion.
You were not hungry.

You visited 1 branch of the dungeon, and saw 1 of its levels.
You visited the Abyss 1 time.

Inventory:

Hand weapons
 a - a +1 falchion (weapon)
Armour
 b - a +0 leather armour (worn)
Comestibles
 c - a bread ration
Scrolls
 d - a scroll of noise {unknown}
 e - a scroll of recharging {unknown}
 f - a scroll of amnesia {unknown}
 g - 2 scrolls of fog {unknown}


   Skills:
 - Level 3.0 Fighting
 + Level 3.1 Long Blades
 - Level 0.8 Armour
 - Level 2.1 Dodging
 - Level 2.0 Invocations


You couldn't memorise any spells.
You didn't know any spells.

Dungeon Overview and Level Annotations

Branches:
Dungeon (1/15)

Altars:


Message History

Welcome, stickyfingers the High Elf Abyssal Knight.
The bosom of this dungeon contains the most powerful artefact, the Orb of Zot.
Lugonu says: Depart the Abyss and spread corruption, my servant! (use the ability menu to exit the Abyss) Press ? for a list of commands and other information.
Found a corrupted altar of Lugonu.
Unknown command.
Use which ability? (? or * to list)
Okay, then.
Unknown command.
Found a scroll labeled SOIWOZX HIUT.
d - a scroll labeled SOIWOZX HIUT
Found a gateway leading out of the Abyss.
There is a gateway leading out of the Abyss here.
You pass through the gate.
Welcome to the Dungeon!
Found a scroll labeled ENOTIS NEIGH and a whip.
There is a staircase leading out of the dungeon here.
Unknown command.
e - a scroll labeled ENOTIS NEIGH Unknown command.
A jackal comes into view.
You slash the jackal!
You kill the jackal!
Lugonu accepts your kill.
You see here a jackal corpse.
You offer a prayer to Lugonu.
The jackal corpse is consumed by the void.
Lugonu is aware of your devotion.
You see here a whip.
You open the door.
There is an open door here.
Found a stone staircase leading down.
A jackal comes into view.
A jackal comes into view.
The jackal barks! x2
You barely miss the jackal. The jackal misses you. The jackal misses you.
You closely miss the jackal.
The jackal bites you but does no damage.
You slash the jackal!
You kill the jackal!
Lugonu accepts your kill. The jackal barely misses you.
A jackal comes into view.
You barely miss the jackal.
The jackal barks!
The jackal bites you but does no damage.
The jackal bites you. The jackal misses you.
You slash the jackal!
You kill the jackal!
Lugonu accepts your kill.
The jackal bites you but does no damage.
You slash the jackal!
You kill the jackal!
Lugonu accepts your kill.
Things that are here:
a jackal corpse x2
Unknown command.
You see here a jackal corpse.
You offer a prayer to Lugonu.
The jackal corpse is consumed by the void.
Lugonu is aware of your devotion.
Things that are here:
a jackal corpse x2
You offer a prayer to Lugonu.
The jackal corpse is consumed by the void. x2
Lugonu is aware of your devotion.
Found a scroll labeled PYDUOTS ISSOESK.
f - a scroll labeled PYDUOTS ISSOESK You open the door.
There is an open door here.
A goblin comes into view.
The goblin shouts!
You barely miss the goblin. The goblin hits you.
You slash the goblin!
You kill the goblin!
Lugonu accepts your kill.
Your Long Blades skill increases to level 3!
A bat comes into view.
The bat hits you but does no damage. x2
Found 2 scrolls labeled PHAOMUSH ESOSCH.
You hit the bat.
The bat is heavily wounded.
The bat closely misses you. The bat hits you but does no damage.
You slash the bat!
You kill the bat!
Lugonu accepts your kill.
g - 2 scrolls labeled PHAOMUSH ESOSCH A kobold comes into view.
It is wielding a glowing short sword.
The kobold shouts!
The kobold misses you.
You barely miss the kobold.
The kobold hits you with a glowing short sword.
You are electrocuted!
Ouch! That really hurt!
You die...

### #.########
#......@.#
#......#K#
#.#.##.#.#
#.#.##.#.#
#.#.#.##.#.#
#.#....#.#.# .
#.######.#..
#.##........########
....................


You could see a kobold.

Vanquished Creatures
  A bat (D:1)
  A goblin (D:1)
  4 jackals (D:1)
6 creatures vanquished.

Notes
Turn   | Place    | Note
--------------------------------------------------------------
     0 | Abyss:1  | stickyfingers, the High Elf Abyssal Knight, began the quest for the Orb.
     0 | Abyss:1  | Reached XP level 1. HP: 16/16 MP: 2/2
    45 | Abyss:1  | Found a corrupted altar of Lugonu.
    49 | D:1      | Escaped the Abyss
   160 | D:1      | Slain by a kobold

Action                   || total
-------------------------++-------
Melee: Falchion          ||    12

Vault maps used:
D:1:      lemuel_arrival_rhombus
